 Dungeon Crawl Stone Soup version 0.30-a0-34-gbe8da3892a (webtiles) character file.

Game seed: 3801507879968936338

126 flotson the Sneak (level 4, 0/55 HPs)
             Began as a Demonspawn Delver on Aug 27, 2022.
             Constricted to death by a ball python (1 damage)
             ... on level 3 of the Dungeon.
             The game lasted 00:05:50 (2211 turns).

flotson the Sneak (Demonspawn Delver)               Turns: 2211, Time: 00:05:51

Health: 0/55       AC:  7    Str: 14    XL:     4   Next: 84%
Magic:  4/4        EV:  7    Int: 11    God:
Gold:   146        SH:  0    Dex: 15    Spells: 3/3 levels left

rFire   . . .      SeeInvis .    n - +1 whip (drain)
rCold   . . .      Faith    .    (no shield)
rNeg    . . .      Spirit   .    j - +0 scale mail
rPois   .          Reflect  .    (no helmet)
rElec   .          Harm     .    (no cloak)
rCorr   .          Rampage  .    k - +0 pair of gloves
Will    .....                    (no boots)
Stlth   ..........               (no amulet)
HPRegen 0.18/turn                (no ring)
MPRegen 0.09/turn                (no ring)

@: berserking, hasted, constricted, very quick
A: weakness stinger 1
a: no special abilities


You were on level 3 of the Dungeon.
You visited 1 branch of the dungeon, and saw 5 of its levels.

You collected 146 gold pieces.

Inventory:

Hand Weapons
 a - a +0 hand axe
 f - a +0 trident
 n - a +1 whip of draining (weapon)
Armour
 j - a +0 scale mail (worn)
 k - a +0 pair of gloves (worn)
Jewellery
 p - a ring of see invisible
Wands
 g - a wand of digging (3)
Scrolls
 b - a scroll of brand weapon {unknown}
 c - a scroll of fog
 d - a scroll of magic mapping
 e - 2 scrolls of fear
 h - 2 scrolls of summoning {unknown}
 l - 2 scrolls of teleportation {unknown}
 q - 2 scrolls of identify {unknown}
 r - a scroll of immolation {unknown}
 s - a scroll of noise {unknown}
 t - a scroll of poison {unknown}
Potions
 i - a potion of berserk rage
 m - a potion of flight {unknown}


   Skills:
 + Level 3.7 Fighting
 + Level 2.1 Axes
 + Level 1.7 Armour
 + Level 2.7 Dodging
 - Level 4.5 Stealth
 + Level 1.9 Evocations


You had 3 spell levels left.
You didn't know any spells.
Your spell library contained the following spells:

 Spells                   Type           Power      Damage    Failure   Level
 Scorch                   Fire           0%         2d5       92%         2
 Corpse Rot               Necr/Pois/Air  0%         N/A       100%        4
 Dispel Undead            Necr           0%         3d6       100%        4
 Flame Wave               Conj/Fire      0%         2d4       100%        4
 Death Channel            Necr           0%         N/A       100%        6
 Summon Cactus Giant      Summ           0%         N/A       100%        6


Dungeon Overview and Level Annotations

Branches:
Dungeon (5/15)
 Temple: D:4-7

Altars:

Annotations:
D:3 Ijyb


Innate Abilities, Weirdness & Mutations

You have a small tail.


Message History

The ball python hisses angrily.
You hit the orc.
The orc is lightly wounded.
Ijyb zaps a wand.
Your mind is blasted!
The orc hits you but does no damage.
You hit the orc. You drain the orc.
You kill the orc!
The dart slug launches a dart at you.
The slug dart hits you but does no damage.
Things that are here:
a +0 mace; a +0 leather armour; 3 gold pieces You hit the dart slug.
The dart slug is heavily wounded.
Ijyb zaps a wand.
Your mind is blasted!
You hit the dart slug. You drain the dart slug.
You kill the dart slug!
Ijyb hits you but does no damage.
You hit Ijyb but do no damage. The ball python completely misses you.
The ball python grabs you. The ball python constricts you.
Ijyb zaps a wand.
Your mind is blasted!
* * * LOW HITPOINT WARNING * * *
You are too injured to fight recklessly!
You are too injured to fight recklessly!
You are too injured to fight recklessly!
You are too injured to fight recklessly!
You are too injured to fight recklessly!
You are too injured to fight recklessly!
You are too injured to fight recklessly!
You feel yourself speed up.
The ball python bites you but does no damage.
The ball python constricts you. Ijyb hits you but does no damage.
It was a potion of berserk rage.
A red film seems to cover your vision as you go berserk!
You feel yourself moving faster!
You feel mighty! The ball python bites you.
* * * LOW HITPOINT WARNING * * *
The ball python constricts you.
* * * LOW HITPOINT WARNING * * *
You completely miss Ijyb.
The ball python bites you but does no damage.
The ball python constricts you.
You die...

..................# #<#
#.##....)#####...# #.#
#........# ##..####'#
####.....# #.........
#.....# #.........
####.....# ##.........
#........# #..........
.##........###..........
..'...S@g..'.'......>...
.##........###..........
#........# ##.........
#........# #.........
#........# #.........
#...###### #.........
#... ...####.#.. #...
... #.### #.


You could see Ijyb and a ball python.

Vanquished Creatures
  A hound (D:5)
  A gnoll (D:1)
  An adder (D:2)
  5 dart slugs
  3 orcs (D:3)
  2 bats
  3 endoplasms
  3 giant cockroaches
  8 goblins
  3 hobgoblins (D:1)
  9 jackals
  5 quokkas
  2 ball pythons (D:1)
  5 frilled lizards
  5 kobolds
  4 rats
60 creatures vanquished.

Notes
Turn   | Place    | Note
-------+----------+-------------------------------------------
     0 | D:5      | flotson the Demonspawn Delver began the quest for the Orb.
     0 | D:5      | Reached XP level 1. HP: 18/18 MP: 1/1
     0 | D:5      | Noticed a scorpion
   121 | D:5      | Noticed a hound
   134 | D:5      | Killed a hound
   135 | D:5      | Reached skill level 1 in Armour
   135 | D:5      | Reached skill level 1 in Evocations
   135 | D:5      | Gained mutation: You have a small tail. [demonic ancestry]
   135 | D:5      | Reached XP level 2. HP: 18/24 MP: 2/2
   135 | D:5      | Reached XP level 3. HP: 22/29 MP: 3/3
   989 | D:1      | Reached XP level 4. HP: 34/34 MP: 4/4
  2195 | D:3      | Noticed Ijyb
  2210 | D:3      | HP: 2/55 [ball python (1)]
  2211 | D:3      | Constricted to death by a ball python

Illustrated notes

Levels and vault maps discovered:
D:1:      dpeg_arrival_ternary, layout_loops_ring
D:2:      layout_basic, minmay_crystal_room, serial_park_tiny_1,
          chequers_serial_rivers_large_b
D:3:      layout_basic, shapermc_ecumenical_altar_petra, roderic_lattice_a,
          uniq_terence, uniq_ijyb
D:4:      layout_basic, serial_corexii_hall, chequers_hall_statues_wall_a,
          corexii_hall_statues_u
D:5:      layout_loops_ring, kennysheep_minor_cross, st_stairs_8, hex_large

Skill      XL: |  1  2  3  4 |
---------------+-------------+-----
Armour         | 1 |  1.7
Dodging        | 2 |  2.7
Evocations     | 1 |  1.9
Axes           | 2 |  2.1
Fighting       | |  3.7
Stealth        | |  4.5

Action                   |  1- 3 |  4- 6 || total
-------------------------+-------+-------++-------
Melee: Trident           |    66 |       ||    66
       Hand axe          |     5 |       ||     5
       Whip              |    15 |    89 ||   104
       Tailslap          |     5 |     7 ||    12
       Punch             |       |     1 ||     1
  Use: Potion            |     1 |     2 ||     3
 Stab: Sleeping          |     3 |     2 ||     5
Armor: Leather armour    |     2 |       ||     2
       Scale mail        |    22 |    39 ||    61
Dodge: Dodged            |    36 |    28 ||    64

Table legend: (Time is in decaauts)
 A = Elapsed time spent in this place.
 B = Non-inter-level travel time spent in this place.
 C = Inter-level travel time spent in this place.
 D = Time resting spent in this place.
 E = Time spent auto-exploring this place.
 F = Levels seen in this place.
 G = Mean time per level.
                   A        B        C        D        E       F      G
               +--------+--------+--------+--------+--------+-----+--------+
         Total |   2240 |   2211 |     29 |      0 |   1699 |   5 |  448.0 |
       Dungeon |   2240 |   2211 |     29 |      0 |   1699 |   5 |  448.0 |
               +--------+--------+--------+--------+--------+-----+--------+

Top non-repeatable levels by time:
     D:1: 860 daAuts
     D:2: 831 daAuts
     D:3: 291 daAuts
     D:5: 226 daAuts
     D:4: 29 daAuts
